 Dungeon Crawl Stone Soup version 0.29.1-13-g9f3cf754e1 (webtiles) character file.

Game seed: 14651045375667410997

104 Ayven the Insei (level 4, 0/35 HPs)
             Began as a Draconian Transmuter on Feb 9, 2023.
             Slain by a kobold
             ... wielding a +0 whip of electrocution
              (20 damage)
             ... in a sewer.
             The game lasted 00:10:46 (3035 turns).

Ayven the Insei (Draconian Transmuter)              Turns: 3035, Time: 00:10:47

Health: 0/35       AC:  5    Str: 13    XL:     4   Next: 52%
Magic:  7/8        EV: 12    Int: 13    God:
Gold:   108        SH:  0    Dex: 13    Spells: 7/8 levels left

rFire   . . .      SeeInvis .     - Unarmed
rCold   . . .      Faith    .   (no shield)
rNeg    . . .      Spirit   .   (body armour unavailable)
rPois   .          Reflect  .   (helmet currently unavailable)
rElec   .          Harm     .   (no cloak)
rCorr   .          Rampage  .   (no gloves)
Will    .....                   (boots currently unavailable)
Stlth   +.........              (no amulet)
HPRegen 0.11/turn               (no ring)
MPRegen 0.11/turn               (no ring)

@: lethally poisoned (0 -> -9), appendages
A: horns 2, talons 2, AC +5, unfitting armour, cold-blooded
a: End Transformation


You were in a sewer.
You had temporarily grown beastly horns and talons.
You visited 1 branch of the dungeon, and saw 3 of its levels.
You also visited: Sewer.

You collected 108 gold pieces.

Inventory:

Scrolls
 e - a scroll of teleportation
 g - a scroll of vulnerability
 i - a scroll of brand weapon {unknown}
 k - a scroll of amnesia {unknown}
Potions
 a - a potion of lignification
 b - 2 potions of degeneration
 d - 3 potions of attraction
 f - a potion of magic {unknown}
 h - 2 potions of ambrosia
 j - 2 potions of curing {unknown}


   Skills:
 - Level 1.1 Fighting
 - Level 2.3 Dodging
 - Level 0.4 Stealth
 + Level 3.9 Unarmed Combat
 + Level 2.7 Spellcasting
 + Level 2.9 Transmutations


You had 7 spell levels left.
You knew the following spells:

 Your Spells              Type           Power      Damage    Failure   Level
a - Beastly Appendage     Tmut           18%        N/A       7%          1

Your spell library contained the following spells:

 Spells                   Type           Power      Damage    Failure   Level
 Wereblood                Tmut           9%         N/A       11%         2
 Spider Form              Tmut/Pois      5%         N/A       36%         3
 Gell's Gravitas          Tloc           1%         N/A       56%         3
 Lesser Beckoning         Tloc           1%         N/A       56%         3
 Teleport Other           Tloc           1%         N/A       56%         3
 Ice Form                 Ice/Tmut       5%         N/A       78%         4
 Fireball                 Conj/Fire      0%         3d3       100%        5
 Iskenderun's Battlesphe  Conj           1%         2d6       100%        5
 Conjure Ball Lightning   Conj/Air       0%         3x3d6     100%        6
 Orb of Destruction       Conj           0%         9d5       100%        7


Dungeon Overview and Level Annotations

Branches:
Dungeon (3/15)              Sewer (1/1)

Altars:


Innate Abilities, Weirdness & Mutations

You have temporarily grown beastly horns and talons.
Your plain brown scales are hard. (AC +5)
You cannot fit into any form of body armour.
You are cold-blooded and may be slowed by cold attacks.


Message History

Your headbutt misses the bat. The bat barely misses you.
You hit the bat.
You kill the bat!
Your transformation is almost over.
You open the large door. 6 kobolds come into view.
A kobold is wielding a +0 whip of electrocution.
A kobold is wielding a +0 whip and quivering poisoned darts.
The kobold shouts! x4
The kobold throws a poisoned dart.
The poisoned dart hits you!
You are poisoned.
The kobold shouts!
Found four items.
Found a gate leading back out of this place.
You extend your transformation's duration.
The kobold shouts!
You feel very sick.
You closely miss the kobold.
You tail-slap the kobold, but do no damage.
You feel sick. The kobold hits you but does no damage.
The kobold barely misses you.
You closely miss the kobold. You claw the kobold.
You headbutt the kobold, but do no damage.
Your tail-slap misses the kobold.
The kobold is moderately wounded.
You feel sick. The kobold misses you.
You hit the kobold.
The kobold is moderately wounded.
You feel sick.
The kobold hits you with a +0 short sword.
The kobold hits you but does no damage.
You feel sick.
The kobold hits you with a +0 short sword.
The kobold closely misses you.
The kobold throws a poisoned dart.
The poisoned dart hits you.
You are more poisoned.
The kobold attacks as you move away!
The kobold hits you with a +0 whip of electrocution.
You are electrocuted!!
Ouch! That really hurt!
You die...

#...# ###+# ≈≈≈≈~
~~~~~
#############~~~#####
#..!.#....~~P~~~~~P...
#.∩..KK....~~~~..~~P..
#.!..KK@....~.P...P...
#.!.K#K...............
#### #.............P.
##..............
#.........##..
#######..## ####


You could see 6 kobolds.

Vanquished Creatures
  2 adders (D:2)
  2 river rats (D:3)
  2 worms (D:3)
  2 dart slugs
  7 bats
  5 endoplasms
  4 giant cockroaches
  6 goblins
  4 hobgoblins
  3 quokkas
  7 ball pythons
  7 kobolds
  6 rats
57 creatures vanquished.

Vanquished Creatures (others)
  2 plants (D:3)
2 creatures vanquished.

Grand Total: 59 creatures vanquished

Notes
Turn   | Place    | Note
-------+----------+-------------------------------------------
     0 | D:1      | Ayven the Draconian Transmuter began the quest for the Orb.
     0 | D:1      | Reached XP level 1. HP: 16/16 MP: 3/3
   295 | D:1      | Reached XP level 2. HP: 23/23 MP: 3/5
   977 | D:1      | Reached XP level 3. HP: 22/28 MP: 4/6
  2314 | D:2      | Reached XP level 4. HP: 35/35 MP: 5/7
  2633 | D:3      | Found a faded altar of an unknown god.
  2914 | D:3      | Found a glowing drain.
  2918 | Sewer    | Entered a sewer
  3035 | Sewer    | Slain by a kobold

Illustrated notes

Levels and vault maps discovered:
D:1:      psy_arrival_statuary, layout_loops_ring, minmay_worlds_worst_comb
D:2:      layout_basic
D:3:      layout_loops_corners, mainiacjoe_overflow_tiny_flanked,
          nicolae_overflow_hallway_of_the_gods,
          hellmonk_ecumenical_altar_slurped_away, gup_sewer_entry_spiral,
          guppyfry_early_lair_pool
Sewer:    kennysheep_pipe_town

Skill      XL: |  1 |
---------------+----+-----
Dodging        | 2 |  2.3
Fighting       | |  1.1
Stealth        | |  0.4
Unarmed Combat | |  3.9
Spellcasting   | |  2.7
Transmutations | |  2.9

Action                   |  1- 3 |  4- 6 || total
-------------------------+-------+-------++-------
Melee: Unarmed           |   105 |    54 ||   159
       Kick              |    24 |    10 ||    34
       Headbutt          |    14 |     6 ||    20
       Tailslap          |     8 |     3 ||    11
       Punch             |     1 |     3 ||     4
 Cast: Beastly Appendage |    33 |    13 ||    46
  Use: Scroll            |       |     6 ||     6
 Stab: Sleeping          |     1 |       ||     1
Armor: Skin              |    51 |    16 ||    67
Dodge: Dodged            |    85 |    35 ||   120
